 Dungeon Crawl Stone Soup version 0.24.1-4-ge52af88ad5 (webtiles) character file.

Game seed: 10944667398894663677, levelgen mode: deterministic

5500 Peloso the Carver (level 10, -2/88 HPs)
             Began as a Minotaur Fighter on Apr 16, 2020.
             Was an Elder of Okawaru.
             Slain by Harold
             ... wielding a +1 hand axe of electrocution
              (15 damage)
             ... on level 10 of the Dungeon.
             The game lasted 00:20:38 (10796 turns).

Peloso the Carver (Minotaur Fighter)               Turns: 10796, Time: 00:20:39

Health: -2/88      AC: 18    Str: 23    XL:     10   Next: 42%
Magic:  0/9        EV:  7    Int:  5    God:    Okawaru [****..]
Gold:   459        SH: 12    Dex: 14    Spells: 9/9 levels left

rFire    + . .     SeeInvis .   a - +0 long sword
rCold    . . .     Gourm    .   c - +0 shield
rNeg     . . .     Faith    .   Q - +0 plate armour
rPois    .         Spirit   +   H - +1 hat {MR+}
rElec    .         Reflect  .   p - +1 cloak
rCorr    .         Harm     .   i - +0 pair of gloves
MR       +....                  (no boots)
Stlth    ..........             M - amulet of guardian spirit
HPRegen  0.24/turn              m - ring of Alaw Bogrucu {Dex+3 Stlth+}
MPRegen  0.11/turn              z - ring of protection from fire

@: marked
A: retaliatory headbutt, horns 2
a: Heroism, Renounce Religion


You were on level 10 of the Dungeon.
You worshipped Okawaru.
Okawaru was greatly pleased with you.
You were not hungry.

You visited 2 branches of the dungeon, and saw 11 of its levels.

You collected 459 gold pieces.

Inventory:

Hand Weapons
 a - a +0 long sword (weapon)
 b - a +0 vampiric spear
Armour
 c - a +0 shield (worn)
 i - a +0 pair of gloves (worn)
 p - a +1 cloak (worn)
 v - a +0 chain mail
 H - a +1 hat of magic resistance (worn)
 Q - a +0 plate armour (worn)
Jewellery
 h - an uncursed ring of ice
 m - the ring of Alaw Bogrucu (left hand) {Dex+3 Stlth+}
   (You found it on level 9 of the Dungeon)

   [ring of dexterity]

   It affects your dexterity (+3).
   It makes you more stealthy.
 r - an uncursed amulet of magic regeneration
 x - an uncursed ring of resist corrosion
 y - an uncursed ring of magical power
 z - a ring of protection from fire (right hand)
 M - an amulet of guardian spirit (around neck)
Wands
 w - a wand of digging (10)
 C - a wand of random effects (21)
 G - a wand of iceblast (10)
Scrolls
 e - a scroll of fog
 g - 4 scrolls of teleportation
 j - 3 scrolls of noise
 k - 3 scrolls of fear {unknown}
 l - 2 scrolls of amnesia {unknown}
 o - 2 scrolls of enchant armour {unknown}
 s - 3 scrolls of identify
 t - 3 scrolls of random uselessness {unknown}
 u - 4 scrolls of enchant weapon {unknown}
 B - a scroll of torment {unknown}
 D - 3 scrolls of remove curse {unknown}
 J - a scroll of magic mapping {unknown}
 K - a scroll of holy word {unknown}
 P - a scroll of blinking
Potions
 d - 2 potions of might
 n - 2 potions of heal wounds
 q - 3 potions of berserk rage
 A - 2 potions of magic
 E - 2 potions of curing
 F - a potion of agility
 I - 2 potions of brilliance
 L - a potion of haste
 O - a potion of resistance {unknown}
 R - a potion of flight {unknown}
 S - a potion of mutation {unknown}
Comestibles
 f - 9 rations


   Skills:
 + Level 8.2 Fighting
 + Level 10.7 Long Blades
 + Level 9.1 Armour
 + Level 3.1 Dodging
 + Level 1.1 Stealth
 + Level 10.4 Shields


You had 9 spell levels left.
You didn't know any spells.
Your spell library contained the following spells:

 Spells                   Type           Power        Failure   Level  Hunger
 Animate Skeleton         Necr           N/A          100%        1    ##.....
 Apportation              Tloc           #.....       100%        1    ##.....
 Confusing Touch          Hex            #.....       100%        1    ##.....
 Corona                   Hex            #......      100%        1    ##.....
 Magic Dart               Conj           #...         100%        1    ##.....
 Summon Small Mammal      Summ           #...         100%        1    ##.....
 Blink                    Tloc           N/A          100%        2    ###....
 Call Imp                 Summ           #.......     100%        2    ###....
 Slow                     Hex            #.......     100%        2    ###....
 Conjure Flame            Conj/Fire      #.......     100%        3    ####...
 Inner Flame              Hex/Fire       #.......     100%        3    ####...
 Mephitic Cloud           Conj/Pois/Air  #.......     100%        3    ####...
 Portal Projectile        Hex/Tloc       #.....       100%        3    ####...
 Cause Fear               Hex            #.........   100%        4    #####..
 Leda's Liquefaction      Hex/Erth       #.........   100%        4    #####..
 Dispel Undead            Necr           #.......     100%        5    ######.
 Summon Mana Viper        Hex/Summ       #.......     100%        5    ######.


Dungeon Overview and Level Annotations

Branches:
Dungeon (10/15)            Temple (1/1) D:5            Lair (0/6) D:9
    Orc: D:9-12

Altars:
Dithmenos
Fedhas
Gozag
Kikubaaqudgha
Makhleb
Nemelex Xobeh
Okawaru
Qazlal
Trog
Uskayaw
Zin
The Shining One

Shops:
D:8 *

Annotations:
D:8 2 transporters, worthlessgem's ghost, novice FoAM
D:9 Gastronok
D:10 Harold


Innate Abilities, Weirdness & Mutations

You reflexively headbutt those who attack you in melee.
You have a pair of horns on your head.


Message History

* * * LOW HITPOINT WARNING * * *
Harold barely misses you.
You hit Harold but do no damage.
Harold is heavily wounded.
The orc closely misses you.
You hit Harold but do no damage. You headbutt Harold.
Harold is severely wounded.
Harold hits you but does no damage.
You don't have enough magic at the moment.
You slash Harold! You headbutt Harold!
Harold is severely wounded.
The orc barely misses you. Harold hits you but does no damage.
Okay, then.
You hit Harold but do no damage. You headbutt Harold.
Harold is almost dead.
A warg comes into view.
Harold hits you with a +1 hand axe of electrocution!
* * * LOW HITPOINT WARNING * * *
You are electrocuted!
You die...

##################
.................#
#.............#
#...####..###.#
...#####...####..###.#
............@@.......#
.......h.###o###.....#
.........#.... #.###.#
.........#.....#.###.#
.....o...#.....#....)#
.........#...###.....#
...###+###>..#.......#
... ....#.......#
#...#...#


You could see Harold, a warg and an orc.

Vanquished Creatures
  An orc sorcerer (D:7)
  A troll (D:9)
  Grinder (D:3)
  2 hippogriffs (D:9)
  Sigmund (D:5)
  A wyvern (D:9)
  Edmund (D:5)
  2 orc warriors (D:10)
  3 ice beasts
  A black bear (D:10)
  A necrophage (D:10)
  4 ogres
  5 sky beasts
  2 centaurs (D:10)
  A bullfrog (D:6)
  2 scorpions
  5 wights
  8 killer bees
  2 howler monkeys
  4 crimson imps
  A jelly (D:6)
  6 orc priests
  A quasit (D:4)
  5 hounds
  2 bullfrog skeletons (D:5)
  Jessica (D:3)
  Terence (D:3)
  An iguana (D:5)
  7 orc wizards
  7 worker ants
  2 hound skeletons
  A howler monkey zombie (D:5)
  8 adders
  22 gnolls
  A shadow imp (D:8)
  2 oozes
  An adder skeleton (D:4)
  6 worms
  2 dart slugs (D:1)
  6 leopard geckos
  29 orcs
  2 ball pythons (D:4)
  14 bats
  6 giant cockroaches
  6 goblins
  6 hobgoblins
  9 kobolds
  3 quokkas
  9 frilled lizards
  A jackal zombie (D:5)
  10 rats
226 creatures vanquished.

Vanquished Creatures (others)
  3 plants (D:9)
3 creatures vanquished.

Grand Total: 229 creatures vanquished

Notes
Turn   | Place    | Note
-------+----------+-------------------------------------------
     0 | D:1      | Peloso the Minotaur Fighter began the quest for the Orb.
     0 | D:1      | Reached XP level 1. HP: 19/19 MP: 0/0
   406 | D:1      | Reached XP level 2. HP: 27/27 MP: 1/1
   971 | D:2      | Reached XP level 3. HP: 33/33 MP: 2/2
  1248 | D:2      | Reached XP level 4. HP: 41/41 MP: 3/3
  1745 | D:3      | Noticed Jessica
  1756 | D:3      | Killed Jessica
  1756 | D:3      | Reached skill level 5 in Shields
  1958 | D:3      | Noticed Grinder
  1988 | D:3      | Killed Grinder
  1988 | D:3      | Reached skill level 1 in Dodging
  1988 | D:3      | Reached XP level 5. HP: 16/47 MP: 4/4
  1988 | D:3      | Reached XP level 6. HP: 18/53 MP: 5/5
  2399 | D:3      | Noticed Terence
  2413 | D:3      | Killed Terence
  2413 | D:3      | Reached skill level 5 in Armour
  2643 | D:3      | Reached skill level 5 in Fighting
  2643 | D:3      | Reached skill level 5 in Long Blades
  2945 | D:4      | Reached XP level 7. HP: 26/61 MP: 6/6
  3896 | D:4      | Found a burning altar of Makhleb.
  4139 | D:5      | Entered Level 5 of the Dungeon
  4152 | D:5      | Found a glowing golden altar of the Shining One.
  4152 | D:5      | Found an ancient bone altar of Kikubaaqudgha.
  4152 | D:5      | Found a bloodstained altar of Trog.
  4205 | D:5      | Reached skill level 1 in Stealth
  4223 | D:5      | Found a staircase to the Ecumenical Temple.
  4268 | Temple   | Entered the Ecumenical Temple
  4285 | Temple   | Became a worshipper of Warmaster Okawaru
  4501 | D:5      | Reached XP level 8. HP: 64/70 MP: 7/7
  4603 | D:5      | Noticed Sigmund
  4627 | D:5      | Killed Sigmund
  4780 | D:5      | Noticed Edmund
  4797 | D:5      | Killed Edmund
  4797 | D:5      | Reached * piety under Okawaru
  6009 | D:5      | Reached XP level 9. HP: 52/78 MP: 8/8
  6153 | D:6      | Reached ** piety under Okawaru
  6202 | D:6      | Identified Zotogg's Compendium of the Sinister Entourage
  7125 | D:7      | Noticed an orc sorcerer
  7136 | D:7      | Paralysed by an orc sorcerer for 2 turns
  7138 | D:7      | Killed an orc sorcerer
  7489 | D:8      | Reached *** piety under Okawaru
  7655 | D:8      | Found a shadowy altar of Dithmenos.
  7655 | D:8      | Found a blossoming altar of Fedhas.
  7706 | D:8      | Found a transporter.
  7706 | D:8      | Noticed worthlessgem's ghost (novice FoAM)
  7989 | D:8      | Found a transporter.
  8007 | D:8      | Reached skill level 10 in Long Blades
  8123 | D:8      | Found Mikhlesch's Assorted Antiques.
  8753 | D:9      | Noticed Gastronok
  8765 | D:9      | Noticed a troll
  8772 | D:9      | HP: 2/79 [Gastronok (28)]
  9489 | D:1      | Reached XP level 10. HP: 69/86 MP: 9/9
 10017 | D:9      | Reached skill level 10 in Shields
 10023 | D:9      | Got a glittering iron ring
 10025 | D:9      | Identified the ring of Alaw Bogrucu {Dex+3 Stlth+} (You
                  | found it on level 9 of the Dungeon)
 10219 | D:9      | Found a staircase to the Lair.
 10272 | D:10     | Entered Level 10 of the Dungeon
 10609 | D:10     | Reached **** piety under Okawaru
 10774 | D:10     | Noticed Harold
 10796 | D:10     | Slain by Harold

Levels and vault maps discovered:
D:1:      erik_arrival_cave_to_civilisation [erik_arrival_cave_to_temple],
          layout_basic
D:2:      layout_loops_ring
D:3:      layout_loops_corners, minmay_misc_feat_secret_circle, uniq_terence,
          uniq_grinder, uniq_jessica
D:4:      layout_layer_cave, makhleb_blood_cavern_becter
D:5:      layout_loops_ring, gammafunk_temple_overflow_forgotten,
          minmay_temple_entry_grid, first_ration, sigmund_edmund_badplayer,
          uniq_edmund, uniq_sigmund
D:6:      layout_cave_pools, chequers_serial_rivers_micro_a
D:7:      cheibrodos_wizards_tower, layout_loops_corners
D:8:      layout_layer_cave, gammafunk_temple_overflow_wave, serial_shops,
          shop_statue, gammafunk_ghost_arena
D:9:      layout_loops_ring, serial_bayou_lagoon_a, grunt_ogre_cave,
          uniq_gastronok
D:10:     layout_stronghold, david_orc_3, uniq_harold
Temple:   eino_temple_scatter_basement

Skill      XL: |  1  2  3  4  5  6  7  8  9 10 |
---------------+-------------------------------+-----
Fighting       | 4 5 6 7 8 |  8.2
Armour         | 4 5 6 7 8 9 |  9.1
Shields        | 4 5 6 7 9 10 | 10.4
Long Blades    | 4 5 6 8 10 | 10.7
Dodging        | 1 2 3 |  3.1
Stealth        | 1 |  1.1

Action                   |  1- 3 |  4- 6 |  7- 9 | 10-12 || total
-------------------------+-------+-------+-------+-------++-------
Melee: Long sword        |    68 |   122 |   422 |   123 ||   735
       Headbutt          |    10 |    21 |   104 |    39 ||   174
Invok: Heroism           |       |       |     2 |     2 ||     4
Evoke: Wand              |       |       |     2 |       ||     2
  Use: Potion            |       |     3 |       |     1 ||     4
       Scroll            |       |       |    11 |       ||    11
  Eat: Chunk             |     1 |     6 |    14 |     4 ||    25
       Ration            |       |       |     2 |       ||     2
Armor: Scale mail        |    40 |    57 |    25 |       ||   122
       Chain mail        |       |       |   191 |    54 ||   245
       Plate armour      |       |       |       |    14 ||    14
Dodge: Dodged            |    24 |    41 |   136 |    55 ||   256
Block: Shield            |    46 |    72 |   257 |   105 ||   480
       Rpst.: Long sword |     7 |    12 |    37 |    16 ||    72
